 Dungeon Crawl Stone Soup version 0.24.0-1-gfbc8707122 (webtiles) character file.

Game seed: 8369769554668415212, levelgen mode: deterministic

156 Arixos the Skirmisher (level 5, -6/43 HPs)
             Began as a Barachi Abyssal Knight on Oct 28, 2019.
             Was a Follower of Lugonu.
             Mangled by a bullfrog (7 damage)
             ... in a sewer.
             The game lasted 00:09:21 (3222 turns).

Arixos the Skirmisher (Barachi Abyssal Knight)      Turns: 3222, Time: 00:09:22

Health: -6/43      AC:  5    Str: 14    XL:     5   Next: 38%
Magic:  6/6        EV: 12    Int: 13    God:    Lugonu [*.....]
Gold:   108        SH:  3    Dex: 11    Spells: 4/4 levels left

rFire    . . .     SeeInvis .   a - +2 falchion
rCold    . . .     Gourm    .   (no shield)
rNeg     . . .     Faith    .   b - +0 leather armour
rPois    .         Spirit   .   e - +1 helmet
rElec    .         Reflect  +   (no cloak)
rCorr    .         Harm     .   (no gloves)
MR       .....                  (no boots)
Stlth    +.........             d - +3 amulet of reflection
HPRegen  0.14/turn              (no ring)
MPRegen  0.10/turn              (no ring)

@: can't hop, slow
A: +LOS, swims, slowness 1, strong legs 1
a: Hop, Depart the Abyss, Renounce Religion


You were in a sewer.
You worshipped Lugonu.
Lugonu was aware of your devotion.
You were not hungry.

You visited 1 branch of the dungeon, and saw 3 of its levels.
You visited the Abyss 1 time.
You also visited: Sewer.

You collected 108 gold pieces.

Inventory:

Hand Weapons
 a - a +2 falchion (weapon)
Missiles
 h - 22 poisoned darts (quivered)
 n - 4 curare-tipped darts
Armour
 b - a +0 leather armour (worn)
 e - a +1 helmet (worn)
Jewellery
 d - a +3 amulet of reflection (around neck)
Scrolls
 i - a scroll of identify {unknown}
 j - a scroll of enchant armour
Potions
 f - 2 potions of curing {unknown}
 g - 2 potions of might {unknown}
 m - a potion of heal wounds {unknown}
Comestibles
 c - 4 rations
 k - a chunk of flesh


   Skills:
 + Level 4.3 Fighting
 * Level 4.1 Long Blades
 + Level 3.4 Armour
 + Level 2.4 Dodging
 + Level 2.4 Invocations


You had 4 spell levels left.
You didn't know any spells.
Your spell library was empty.

Dungeon Overview and Level Annotations

Branches:
Dungeon (3/15)              Sewer (1/1)

Altars:


Innate Abilities, Weirdness & Mutations

Shadows flee at your approach. (+LOS)
You can swim through water.
You cover ground slowly.
You can hop short distances.


Message History

The bullfrog hits you. The bullfrog hits you!
A ball python comes into view.
The ball python hisses angrily.
You hit the bullfrog but do no damage.
The bullfrog is lightly wounded.
The bullfrog closely misses you.
You riposte.
You barely miss the bullfrog. You block the bullfrog's attack.
The bullfrog hits you. x2
The bullfrog closely misses you. The bullfrog hits you!
* * * LOW HITPOINT WARNING * * *
Hop to where?
Press: ? - help, Dir - move target cursor Floosh!
Boing!
The bullfrog hits you!
* * * LOW HITPOINT WARNING * * *
The bullfrog misses you. The bullfrog hits you.
* * * LOW HITPOINT WARNING * * *
The bullfrog hits you!
You die...

≈≈≈≈≈≈≈≈≈≈≈.≈≈≈.# #.#
≈≈≈≈≈≈≈≈≈≈≈.≈≈≈.# #.#
≈≈≈≈≈≈≈≈≈≈≈.≈≈≈.###.##
#≈≈≈≈≈≈≈≈≈#.≈≈≈.##.≈.#
##≈≈≈≈≈≈≈≈#.≈≈≈.##≈≈≈#
##≈≈≈≈≈###.≈S≈.##≈≈.#
###### #.≈≈≈.##≈≈.#
#.≈≈FF##.÷≈#
#≈≈≈≈@##≈≈≈#
###≈≈≈≈≈##≈≈.##
..≈≈≈≈≈≈≈.≈≈≈..#
≈≈≈≈≈≈≈≈≈≈≈≈≈≈≈.#
≈≈≈≈≈≈≈≈≈≈≈≈≈≈≈.#
≈≈≈≈≈≈≈≈≈≈≈≈≈≈≈≈.#
.....≈≈≈..≈.≈.≈..#
##############≈### #≈#


You could see 2 bullfrogs and a ball python.

Vanquished Creatures
  Natasha (thrice) (D:2 D:1)
  An adder (D:3)
  2 river rats (D:3)
  2 worms
  A dart slug (D:2)
  2 leopard geckos
  4 giant cockroaches
  8 goblins
  5 hobgoblins
  2 jackals (D:1)
  6 kobolds
  A quokka (D:2)
  A bat (D:2)
  4 frilled lizards
  7 rats
49 creatures vanquished.

Notes
Turn   | Place    | Note
-------+----------+-------------------------------------------
     0 | Abyss:1  | Arixos the Barachi Abyssal Knight began the quest for the
                  | Orb.
     0 | Abyss:1  | Reached XP level 1. HP: 18/18 MP: 2/2
    29 | Abyss:1  | Noticed an ice dragon skeleton
    47 | Abyss:1  | Noticed a thrashing horror
    53 | D:1      | Escaped the Abyss
   531 | D:1      | Reached XP level 2. HP: 16/25 MP: 3/3
  1597 | D:2      | Noticed Natasha
  1603 | D:2      | Killed Natasha
  1603 | D:2      | Reached XP level 3. HP: 30/30 MP: 4/4
  1666 | D:2      | Reached * piety under Lugonu
  1903 | D:2      | Reached XP level 4. HP: 32/37 MP: 5/5
  1972 | D:2      | Noticed Natasha
  2045 | D:1      | Killed Natasha
  2210 | D:1      | Noticed Natasha
  2515 | D:1      | Killed Natasha
  2960 | D:3      | Reached XP level 5. HP: 37/42 MP: 6/6
  3095 | D:3      | Found a glowing drain.
  3167 | Sewer    | Entered a sewer
  3220 | Sewer    | HP: 2/43 [bullfrog (8)]
  3222 | Sewer    | Mangled by a bullfrog

Levels and vault maps discovered:
D:1:      dpeg_arrival_round_c, layout_basic, minmay_pentomino_p2
D:2:      layout_loops_ring, first_ration, kennysheep_small_spiral,
          minmay_strange_pillars, uniq_natasha
D:3:      layout_loops_ring, lightli_sewer_entry_pipes, uniq_grinder
Sewer:    sewer_frog_island_01

Skill      XL: |  1  2  3  4 |
---------------+-------------+-----
Long Blades    | 3 4 |  4.1
Invocations    | 2 |  2.4
Armour         | 3 |  3.4
Fighting       | 4 |  4.3
Dodging        | 2 |  2.4

Action                   |  1- 3 |  4- 6 || total
-------------------------+-------+-------++-------
Melee: Falchion          |    85 |    99 ||   184
       Unarmed           |       |    14 ||    14
Invok: Depart the Abyss  |     1 |       ||     1
 Abil: Hop               |       |     1 ||     1
  Use: Scroll            |       |     3 ||     3
  Eat: Ration            |     1 |       ||     1
       Chunk             |       |     5 ||     5
Armor: Leather armour    |    30 |    28 ||    58
Dodge: Dodged            |    36 |    78 ||   114
Block: Other             |       |     5 ||     5
       Rpst.: Falchion   |    11 |    25 ||    36
